[Event "*** Titled Tuesday Blitz"]
[Site "Chess.com"]
[Date "2021.02.16"]
[Round "8"]
[White "amintabatabaei"]
[Black "Zurability"]
[Result "1-0"]
[WhiteElo "2927"]
[BlackElo "2636"]
[TimeControl "180+1"]
[EndTime "11:29:15 PST"]
[Termination "amintabatabaei won on time"]

1. d4 Nf6 2. Nf3 d5 3. Bf4 e6 4.
e3 Be7 5. h3 O-O 6. Nbd2 b6 7.
c3 Bb7 8. Bd3 Nbd7 9. O-O Ne4 10. a4 a6 11. Qc2 f5 12. c4 Rc8 13. Qb3 c5 14. Rac1 Kh8 15. Bh2 cxd4 16. exd4 Ndf6 17. c5 Nd7 18. Rc2 f4 19. Re1 e5 20.
Nxe4 dxe4 21. Bxe4 Bxe4 22. Rxe4 exd4 23. Rxd4 bxc5 24.
Rxf4 Rxf4 25. Bxf4 Bf6 26. Rd2 Qe8 27. Qb7 Nf8 28.
Qxa6 c4 29. Re2 Qd7 30. Be5 Bxe5 31. Rxe5 c3 32. bxc3 Rxc3 33. Qb5 Rc1+ 34. Kh2 Qf7 35. Rf5 Qc7+ 36. Ne5 Qc8 37. Nf7+ Kg8 38. Nd6 Qe6 39.
Qb8 Qe7 40. Qb3+ Kh8 41. Nf7+ Kg8 42. Nh6+ 1-0

[Event "*** Titled Tuesday Blitz"]
[Site "Chess.com"]
[Date "2021.02.16"]
[Round "8"]
[White "Danfii"]
[Black "rozabaku"]
[Result "1-0"]
[WhiteElo "2420"]
[BlackElo "2232"]
[TimeControl "180+1"]
[EndTime "11:29:15 PST"]
[Termination "Danfii won by checkmate"]

1. e4 e6 2. d4 d5 3. Nd2 Nf6 4. e5 Nfd7 5. Bd3 c5 6. c3 Nc6 7.
Ne2 Be7 8. O-O O-O 9. Nf3 a6 10. Nf4 b5 11. Re1 b4 12. g3 a5 13. h4 h6 14. h5 a4 15. Bb1 a3 16. Qc2 f5 17. exf6 Nxf6 18. Nxe6 Bxe6 19. Rxe6 Ne4 20. Rxe4 dxe4 21. Qxe4 bxc3 22. Qh7+ Kf7 23. Bg6+ Ke6 24. bxc3 Rxf3 25. Be4 Nxd4 26. Bf4 Ne2+ 27. Kf1 Nxf4 28.
Qf5+ Kd6 29. Rd1+ Kc7 30. Rxd8 Rxd8 31. Bxf3 Nd3 32. Be4 c4 33. Qa5+ Kc8 34. Qa6+ Kc7 35. Qc6+ Kb8 36. Qb7# 1-0

[Event "*** Titled Tuesday Blitz"]
[Site "Chess.com"]
[Date "2021.02.16"]
[Round "8"]
[White "zimmm36"]
[Black "j2806"]
[Result "1-0"]
[WhiteElo "2289"]
[BlackElo "2131"]
[TimeControl "180+1"]
[EndTime "11:29:18 PST"]
[Termination "zimmm36 won by resignation"]

1. d4 Nf6 2. Nf3 d5 3. g3 e6 4. Bg2 Be7 5. O-O O-O 6. c4 dxc4 7. Qc2 a6 8. a4 c5 9. Rd1 Qb6 10. Na3 Nc6 11. Nxc4 Qa7 12. a5 cxd4 13. Bf4 Bc5 14.
Rac1 Bd7 15. Nd6 Bxd6 16. Bxd6 Rfc8 17. Bc5 Qb8 18. Nxd4 Nxd4 19. Rxd4 Qc7 20. Qd2 Rab8 21. b4 Nd5 22. e4 Nf6 23. Rd1 Ra8 24. Rxd7 Nxd7 25.
Qxd7 Qc6 26. Qxc6 bxc6 27. e5 Rab8 28. Rd6 Rb5 29. Bxc6 Rbb8 30. Bd7 Rc7 31. Ba4 Rcb7 32. Rxa6 g6 33. Rb6 Rc7 34. Bc6 Rxb6 35. axb6 Rxc6 36.
b7 1-0

[Event "*** Titled Tuesday Blitz"]
[Site "Chess.com"]
[Date "2021.02.16"]
[Round "8"]
[White "SanQui14"]
[Black "lamomiablanca"]
[Result "0-1"]
[WhiteElo "2422"]
[BlackElo "2314"]
[TimeControl "180+1"]
[EndTime "11:29:20 PST"]
[Termination "lamomiablanca won by resignation"]

1. d4 Nf6 2. c4 c5 3. Nf3 cxd4 4. Nxd4 Nc6 5. Nc3 g6 6. e4 d6 7. Be2 Nxd4 8. Qxd4 Bg7 9. O-O O-O 10. Be3 Ng4 11.
Qd2 Nxe3 12. Qxe3 Bd7 13. Rad1 Rc8 14. f4 Qa5 15. Nd5 Rfe8 16. Qb3 Qc5+ 17. Kh1 b6 18. Ne3 Ba4 19. Qxa4 Qxe3 20. Bd3 a5 21. Qb3 Qc5 22. a3 Rb8 23. Rde1 Qd4 24. Re2 Rec8 25. f5 a4 26. Qc2 b5 27. fxg6 hxg6 28. Qc3 Qxc3 29. bxc3 bxc4 30. Bc2 Bxc3 31. Bxa4 Ra8 32. Rc2 Be5 33.
Bb5 Rxa3 34. Bxc4 e6 35. Rcc1 Bf4 36. Rxf4 Rxc4 37. Rcf1 Ra7 38. h4 Kg7 39. Kh2 e5 40. Rf6 Rd7 41. Rd1 Kxf6 0-1

[Event "*** Titled Tuesday Blitz"]
[Site "Chess.com"]
[Date "2021.02.16"]
[Round "8"]
[White "MaevskiyNikolay"]
[Black "garfield_pg"]
[Result "0-1"]
[WhiteElo "2521"]
[BlackElo "2357"]
[TimeControl "180+1"]
[EndTime "11:29:22 PST"]
[Termination "garfield_pg won by resignation"]

1. d4 Nf6 2. c4 g6 3. Nc3 Bg7 4.
e4 d6 5. Nge2 O-O 6. Ng3 Nc6 7.
h4 h5 8. f3 Nd7 9. d5 Nd4 10.
Bd3 c5 11. Nge2 Ne5 12. Be3 a6 13. a4 Bd7 14. O-O b5 15. axb5 axb5 16. Rxa8 Qxa8 17.
cxb5 Rb8 18. Kh1 Nxb5 19. f4 Ng4 20. Bg1 Nxc3 21. bxc3 Qa2 22. Qa1 Rb2 23. Qxa2 Rxa2 24. Rb1 Bf6 25. g3 Ba4 26. Rc1 Rd2 27. Bc4 Bd1 28.
Rxd1 Rxd1 29. Kg2 Rd2 30. Kf1 Rc2 31. Bf2 Nxf2 32. Kxf2 Bxc3 33. Bb5 Bd4+ 34. Kf3 Rb2 35. Bc4 Rb4 36. Bd3 Rb3 37. Nc1 Rc3 38. Ke2 Rxc1 0-1

[Event "*** Titled Tuesday Blitz"]
[Site "Chess.com"]
[Date "2021.02.16"]
[Round "8"]
[White "bylavochka"]
[Black "jaramsdal"]
[Result "1-0"]
[WhiteElo "2103"]
[BlackElo "2288"]
[TimeControl "180+1"]
[EndTime "11:29:22 PST"]
[Termination "bylavochka won by resignation"]

1. e4 c5 2. Nf3 d6 3. d4 cxd4 4.
Nxd4 Nf6 5. Nc3 Nc6 6. f3 Qb6 7. Nb3 g6 8. Qd3 Bg7 9. Be3 Qd8 10. Be2 O-O 11. O-O a6 12. a3 b5 13.
Rfd1 Bb7 14. Kh1 Ne5 15. Qd2 Nc4 16. Bxc4 bxc4 17. Nd4 Nd7 18. Bh6 Qb6 19. Bxg7 Kxg7 20. Rab1 Rab8 21. Qg5 Nf6 22. Nf5+ Kh8 23. Nxe7 Ng8 24.
Nxg8 Kxg8 25. Qf6 Qf2 26. Qxd6 Qxc2 27. Rd2 Qb3 28. Rbd1 h5 29. Qf6 a5 30. h3 Ba8 31.
Nd5 Bxd5 32. exd5 c3 33. Qxc3 Qxc3 34. bxc3 Rb3 35. Rc1 Rxa3 36. c4 Re3 37. c5 a4 38.
c6 a3 39. c7 Rc8 40. d6 a2 41. Rxa2 Rd3 42. Rc6 Kf8 43. Rb2 Ke8 44. Rb8 Kd7 45. Rxc8 Kxc8 46. Kh2 h4 47. Ra6 Kd7 48. Ra8 Rc3 49.
Rd8+ Ke6 50. c8=Q+ 1-0

[Event "*** Titled Tuesday Blitz"]
[Site "Chess.com"]
[Date "2021.02.16"]
[Round "8"]
[White "Infernal_XaM"]
[Black "hansen"]
[Result "0-1"]
[WhiteElo "2813"]
[BlackElo "2931"]
[TimeControl "180+1"]
[EndTime "11:29:23 PST"]
[Termination "hansen won by resignation"]

1. d4 Nf6 2. c4 g6 3. Nc3 d5 4. cxd5 Nxd5 5. Na4 Bg7 6. e4 Nb6 7. Be3 O-O 8. Nc5 N8d7 9. Nb3 e5 10. Rc1 exd4 11. Bxd4 Re8 12. f3 Bh6 13. Rc3 Na4 14. Rd3 c5 15. Nxc5 Qa5+ 16. Kf2 Naxc5 17. Rc3 Ne6 18.
Be3 Bxe3+ 19. Rxe3 Qb6 20. Qb3 Ndc5 21. Qxb6 axb6 22. a3 Nd4 23. Bc4 Be6 24. Rc3 Bxc4 25. Rxc4 Red8 26. Ke3 Nb5 27. Rb4 Rd3+ 28. Kf2 Nd4 29.
Nh3 Rd8 30. Nf4 Rd2+ 31. Kg3 Ne2+ 32. Nxe2 Rxe2 33. Rxb6 Rdd2 34. Rg1 Rxb2 35. Rd6 Ne6 36. a4 g5 37. a5 h5 38. h4 g4 39. Rd7 Kg7 40. Rd5 Kg6 41. Rd6 Rb3 42. a6 bxa6 43. Rxa6 Rxe4 44. Rc1 Ree3 45. Rc8 gxf3 46. gxf3 Rxf3+ 47. Kg2 Rfc3 48. Rg8+ Kf6 0-1

[Event "*** Titled Tuesday Blitz"]
[Site "Chess.com"]
[Date "2021.02.16"]
[Round "8"]
[White "Piccadilly123"]
[Black "Srisshhhtea"]
[Result "0-1"]
[WhiteElo "2243"]
[BlackElo "2423"]
[TimeControl "180+1"]
[EndTime "11:29:23 PST"]
[Termination "Srisshhhtea won on time"]

1. e4 c5 2. c3 d5 3. exd5 Qxd5 4. d4 cxd4 5. cxd4 Nc6 6. Nf3 e5 7. Nc3 Bb4 8. dxe5 Qxd1+ 9. Kxd1 Bg4 10. Be2 O-O-O+ 11. Kc2 Bf5+ 12. Kb3 Bc5 13. Be3 Bxe3 14. fxe3 Nge7 15.
Bb5 Be6+ 16. Ka3 Na5 17. b3 a6 18. Be2 b5 19. Rac1 Nac6 20. Kb2 Kb7 21. Rhd1 Nf5 22. Ne4 Nxe3 23. Nc5+ Kb6 24. Rd6 Rxd6 25. exd6 Rd8 26. Nxa6 Rxd6 27. Nc5 Bd5 28. a4 bxa4 29. Nxa4+ Kb7 30.
g3 Rf6 31. Nd2 Rf2 32. Re1 Ng2 0-1

[Event "*** Titled Tuesday Blitz"]
[Site "Chess.com"]
[Date "2021.02.16"]
[Round "8"]
[White "eljanov"]
[Black "GregShahade"]
[Result "1/2-1/2"]
[WhiteElo "2840"]
[BlackElo "2667"]
[TimeControl "180+1"]
[EndTime "11:29:24 PST"]
[Termination "Game drawn by repetition"]

1. e4 e5 2. Nf3 Nc6 3. Bc4 Nf6 4. d3 Bc5 5. c3 a6 6. O-O d6 7. Re1 Ba7 8. a4 O-O 9. h3 h6 10. Nbd2 Re8 11. b4 Be6 12. Bxe6 Rxe6 13. Qc2 Qd7 14. Nf1 d5 15. Be3 Bxe3 16. Nxe3 Ne7 17. a5 Nc6 18. Rad1 Rae8 19. Qb1 Rd8 20. c4 d4 21. Nd5 Ne8 22. Rc1 Ne7 23. b5 c6 24. bxc6 bxc6 25. Nxe7+ Qxe7 26.
c5 Qc7 27. Qb6 Rb8 28. Qxa6 Rb5 29. Ra1 Qb8 30. Nd2 Nc7 31. Qb6 Rxb6 32. cxb6 Na6 33. Rec1 c5 34. Rab1 Qb7 35. Nc4 f6 36. Rb5 Rc6 37.
Rcb1 Kh7 38. R5b2 Nb4 39. Rxb4 cxb4 40. Rxb4 Rc8 41. Kh2 Ra8 42. f3 Qe7 43. Rb5 Qd7 44.
Rc5 Qa4 45. b7 Rb8 46. Nd6 Qa3 47. Rd5 Qxd3 48. Rb5 Qd2 49. a6 Qf4+ 50. Kg1 Qc1+ 51. Kh2 Qf4+ 52. Kg1 Qc1+ 53. Kh2 Qf4+ 1/2-1/2

[Event "*** Titled Tuesday Blitz"]
[Site "Chess.com"]
[Date "2021.02.16"]
[Round "8"]
[White "Witik"]
[Black "DamianoLew95"]
[Result "1-0"]
[WhiteElo "2778"]
[BlackElo "2610"]
[TimeControl "180+1"]
[EndTime "11:29:24 PST"]
[Termination "Witik won on time"]

1. d4 d5 2. Bf4 c5 3. e3 Nc6 4. c3 Nf6 5. Nd2 Qb6 6. Qb3 Bf5 7. dxc5 Qxb3 8. axb3 e5 9. Bg3 Bxc5 10. Ngf3 Bd6 11. b4 Nd7 12. Be2 f6 13. O-O Ke7 14. Rfd1 Rhd8 15.
b5 Ncb8 16. c4 dxc4 17. Nxc4 Bc7 18. Nd4 Bg6 19. Bg4 Nb6 20. Ne6 Rxd1+ 21. Rxd1 Bf7 22.
Nxc7 Bxc4 23. f4 e4 24. Nxa8 Nxa8 25. Bc8 Bxb5 26. Bxb7 Nb6 27. Bxe4 h6 28. Bf3 N8d7 29.
e4 a6 30. Bf2 Nc4 31. b3 Na5 32. b4 Nc4 33. Be2 Nd6 34. Bxb5 axb5 35. e5 fxe5 36. fxe5 Nxe5 37. Bc5 Nc4 38. Bxd6+ Nxd6 39. Rd5 Ke6 40.
Rc5 g6 41. g3 h5 42. Kg2 1-0

[Event "*** Titled Tuesday Blitz"]
[Site "Chess.com"]
[Date "2021.02.16"]
[Round "8"]
[White "Andrakhanova"]
[Black "jens1102"]
[Result "0-1"]
[WhiteElo "2269"]
[BlackElo "2428"]
[TimeControl "180+1"]
[EndTime "11:29:24 PST"]
[Termination "jens1102 won by resignation"]

1. c4 c5 2. Nc3 Nc6 3. g3 e6 4. Bg2 g6 5. e3 Bg7 6. Nge2 Nge7 7. O-O d5 8. cxd5 Nxd5 9. b3 Ndb4 10. Nf4 O-O 11. a3 Nd3 12. Qc2 Nxf4 13. gxf4 e5 14. fxe5 Nxe5 15. Bb2 Bf5 16. Ne4 Rc8 17. Rac1 c4 18.
b4 b5 19. f4 Nd3 20. Bxg7 Kxg7 21. Qc3+ f6 22. Ra1 Re8 23. Ng3 Qd7 24. a4 bxa4 25. Nxf5+ Qxf5 26. Rxa4 Re7 27. Rfa1 Rcc7 28. Qd4 Red7 29.
Qe4 Qxe4 30. Bxe4 Nb2 31. Ra6 Rxd2 32. Rxa7 Rxa7 33. Rxa7+ Kh6 34. Rc7 Re2 35. b5 Rxe3 36.
b6 Rb3 37. b7 c3 38. Rxc3 Rb4 39. Bf3 Na4 40. Kg2 Rb2+ 41. Rc2 Rxc2+ 42. Kg3 Rb2 0-1

[Event "*** Titled Tuesday Blitz"]
[Site "Chess.com"]
[Date "2021.02.16"]
[Round "8"]
[White "queen_iryna"]
[Black "AlexNovitz"]
[Result "1-0"]
[WhiteElo "2368"]
[BlackElo "2194"]
[TimeControl "180+1"]
[EndTime "11:29:24 PST"]
[Termination "queen_iryna won on time"]

1. e4 e6 2. d4 d5 3. Nc3 Nf6 4.
Bg5 dxe4 5. Nxe4 Be7 6. Bxf6 gxf6 7. Nf3 b6 8. Bb5+ c6 9. Bd3 Bb7 10. Qe2 Nd7 11. O-O-O Qc7 12. Kb1 O-O-O 13. c4 f5 14. Nc3 Bf6 15. Rc1 h5 16. Rhd1 h4 17. h3 Rhg8 18. d5 exd5 19. cxd5 Kb8 20. Bxf5 Nc5 21. b4 Na6 22. dxc6 Qxc6 23. b5 Qc5 24. Nd5 Rxd5 25.
Rxc5 Nxc5 26. Rxd5 Bxd5 27. Nd2 Na4 28. Kc2 Nc3 29. Qd3 Rd8 30. Qe3 1-0

[Event "*** Titled Tuesday Blitz"]
[Site "Chess.com"]
[Date "2021.02.16"]
[Round "8"]
[White "tylityli"]
[Black "Euge_chess"]
[Result "0-1"]
[WhiteElo "2209"]
[BlackElo "2113"]
[TimeControl "180+1"]
[EndTime "11:29:24 PST"]
[Termination "Euge_chess won by checkmate"]

1. d4 Nf6 2. c4 e6 3. Nc3 c5 4. d5 exd5 5. cxd5 d6 6. e4 g6 7. Nf3 Bg7 8. Be2 O-O 9. O-O Re8 10. Nd2 a6 11. a4 Nbd7 12. Qc2 Rb8 13. Nc4 Ne5 14. f4 Nxc4 15. Bxc4 Ng4 16. h3 Bd4+ 17. Kh1 Qh4 18. Qd3 Nf2+ 19. Rxf2 Qxf2 20. Bd2 Qh4 21. Rf1 f5 22. e5 dxe5 23. fxe5 Rxe5 24. Bf4 Bd7 25.
Bxe5 Bxe5 26. d6+ Kg7 27. Nd5 Qd4 28. Qxd4 cxd4 29. Nb6 Rd8 30. Rd1 Bc6 31. Bb3 Kf6 32. Nc4 Bd5 33. Nxe5 Kxe5 34. Re1+ Be4 35. Kg1 Rxd6 36.
Kf2 d3 37. Ke3 Rb6 38. Bg8 Rxb2 39. Bxh7 f4# 0-1

[Event "*** Titled Tuesday Blitz"]
[Site "Chess.com"]
[Date "2021.02.16"]
[Round "8"]
[White "Gabrielian_Artur"]
[Black "Zubrrr"]
[Result "0-1"]
[WhiteElo "2795"]
[BlackElo "2657"]
[TimeControl "180+1"]
[EndTime "11:29:25 PST"]
[Termination "Zubrrr won by resignation"]

1. c4 f5 2. g3 Nf6 3. Bg2 g6 4. Nc3 e5 5. d3 Bg7 6. e3 O-O 7.
Nge2 Nc6 8. O-O d6 9. Rb1 g5 10. b4 Ne7 11. d4 e4 12. f3 exf3 13. Bxf3 Ng6 14. Qd3 Qe7 15. Bd2 Re8 16. Bg2 c6 17.
Rxf5 Bxf5 18. Qxf5 Rf8 19. Qxg5 Qf7 20. d5 Ne5 21. Qf4 Qg6 22. Rf1 Nfg4 23. Qe4 Rxf1+ 24. Bxf1 Qxe4 25. Nxe4 Nf3+ 26. Kg2 Nxd2 27. Nxd2 Nxe3+ 28. Kf3 Nxf1 29. Nxf1 cxd5 30. cxd5 Rc8 31. Ne3 Be5 32. Ke4 Kf7 33. h4 a5 34. bxa5 Rc5 35.
g4 Rxa5 36. Nc4 Rxa2 37. Nxe5+ dxe5 38. Nc3 Rg2 39. Kf5 Ke7 40. Nb5 e4 41. Kxe4 Rxg4+ 42. Ke5 Rxh4 43. d6+ Kd7 44. Nc3 Rh5+ 45. Kd4 Kxd6 46.
Ne4+ Kc6 47. Nf6 Rh4+ 48. Ke5 b5 0-1

[Event "*** Titled Tuesday Blitz"]
[Site "Chess.com"]
[Date "2021.02.16"]
[Round "8"]
[White "attack2mateU"]
[Black "Fandorine"]
[Result "1-0"]
[WhiteElo "2738"]
[BlackElo "2842"]
[TimeControl "180+1"]
[EndTime "11:29:27 PST"]
[Termination "attack2mateU won by checkmate"]

1. e4 e5 2. Nf3 Nc6 3. Bc4 Nf6 4. d3 Bc5 5. c3 d6 6. O-O h6 7.
a4 a5 8. Re1 O-O 9. Nbd2 Be6 10. Bb5 Ba7 11. Nf1 Ne7 12. d4 c6 13. Bd3 Ng6 14.
Ng3 Re8 15. h3 Nh7 16. Be3 Ng5 17. Nxg5 hxg5 18. d5 Bxe3 19. dxe6 Bxf2+ 20. Kxf2 Qb6+ 21. Re3 fxe6 22. Qd2 Rf8+ 23. Kg1 Nh4 24. Kh1 Rf7 25. Be2 Rf2 26. Rf1 Rxg2 27. Qd3 Rd8 28. Bg4 Qxb2 29. Re2 Rxe2 30. Bxe6+ Kh8 31. Nxe2 g6 32. Qe3 Re8 33. Qxg5 Qxe2 34. Qh6# 1-0

[Event "*** Titled Tuesday Blitz"]
[Site "Chess.com"]
[Date "2021.02.16"]
[Round "8"]
[White "elcandado"]
[Black "CroissantNeuf"]
[Result "1-0"]
[WhiteElo "2650"]
[BlackElo "2469"]
[TimeControl "180+1"]
[EndTime "11:29:27 PST"]
[Termination "elcandado won on time"]

1. d4 Nf6 2. Bf4 g6 3. Nc3 d5 4. Nb5 Na6 5. e3 Bg7 6. h3 c6 7.
Na3 O-O 8. Nf3 Ne4 9. Be2 c5 10. c3 cxd4 11. exd4 Nc7 12. O-O Ne6 13. Bh2 Bh6 14.
Bd3 Nf4 15. Bxf4 Bxf4 16. Qe2 Bf5 17. Nb1 Qd7 18. Nbd2 Nxd2 19. Nxd2 Bxh3 20. Rad1 Bg4 21. f3 Bf5 22. Nb3 Bc7 23. Nc5 Bxd3 24. Rxd3 Qd6 25.
f4 b6 26. Na6 b5 27. Nc5 Rab8 28. b4 a5 29. a3 Rfd8 30. Rh3 Qf6 31. Qg4 1-0

[Event "*** Titled Tuesday Blitz"]
[Site "Chess.com"]
[Date "2021.02.16"]
[Round "8"]
[White "Markov_Mikhail"]
[Black "Indianlad"]
[Result "0-1"]
[WhiteElo "2714"]
[BlackElo "2929"]
[TimeControl "180+1"]
[EndTime "11:29:28 PST"]
[Termination "Indianlad won on time"]

1. c4 e5 2. Nc3 Bb4 3. Nd5 a5 4. a3 Be7 5. e3 Nf6 6. g3 Nxd5 7. cxd5 O-O 8. Bg2 d6 9. Ne2 f5 10. O-O Nd7 11. b3 Nf6 12. Qc2 Bd7 13. Bb2 Rc8 14. Nc3 Qe8 15. b4 b6 16. bxa5 bxa5 17. f4 Qh5 18. h3 Qg6 19. Kh2 Nh5 20. Ne2 Bb5 21.
d3 e4 22. dxe4 Bxe2 23. Qxe2 Nxg3 24. exf5 Nxf1+ 25. Rxf1 Qxf5 26. e4 Qg6 27. Rf3 Qh6 28. Qe3 Rce8 29. Bc3 Bf6 30. e5 dxe5 31. fxe5 Bg5 32.
Qe4 Rf4 33. Rxf4 Bxf4+ 34. Kh1 Qg5 35. e6 Qg3 36. Kg1 Be3+ 37. Kh1 Qf2 38. Qb1 Bf4 39. Be1 Qe3 40. Qe4 Qc1 41. Bf1 Bd2 0-1

[Event "*** Titled Tuesday Blitz"]
[Site "Chess.com"]
[Date "2021.02.16"]
[Round "8"]
[White "PavelShkapenko"]
[Black "DenLaz"]
[Result "0-1"]
[WhiteElo "2700"]
[BlackElo "2797"]
[TimeControl "180+1"]
[EndTime "11:29:28 PST"]
[Termination "DenLaz won by resignation"]

1. e4 e5 2. Nf3 Nc6 3. Bc4 Bc5 4. c3 Nf6 5. d4 exd4 6. b4 Bb6 7. e5 Ne4 8. Bd5 Nxc3 9. Nxc3 dxc3 10. Bg5 Ne7 11. O-O a5 12. bxa5 Rxa5 13. Bb3 O-O 14. Qd3 Qe8 15. Rfe1 Ng6 16. Qxc3 h6 17. Bd2 Rc5 18.
Qb2 d6 19. exd6 Qc6 20. dxc7 Qxc7 21. Bb4 Bg4 22. Bxc5 Bxc5 23. Ne5 Nxe5 24. Qxe5 Qxe5 25. Rxe5 Bd4 26. Rae1 Bxe5 27. Rxe5 Rd8 28. h3 Bd1 29. Bc4 Rc8 30. Bd5 Rc7 31. Be4 Ba4 32. Rd5 g6 33.
Rd4 Bc6 34. Rc4 Kf8 35. Bxc6 bxc6 36. f4 Ke7 37. Kf2 Kd6 38. Ke3 Ra7 39. a4 c5 40.
Kd3 Kd5 41. Kc3 Re7 42. a5 Re3+ 43. Kd2 Kxc4 44. Kxe3 Kb5 45. Kd3 Kxa5 46. Kc4 Kb6 47. g4 Kc6 48. h4 Kd6 0-1

[Event "*** Titled Tuesday Blitz"]
[Site "Chess.com"]
[Date "2021.02.16"]
[Round "8"]
[White "OriTaichman"]
[Black "ljuks68"]
[Result "0-1"]
[WhiteElo "2538"]
[BlackElo "2411"]
[TimeControl "180+1"]
[EndTime "11:29:28 PST"]
[Termination "ljuks68 won on time"]

1. e4 e6 2. d4 d5 3. Nc3 Bb4 4. e5 Ne7 5. Bd2 b6 6. Bb5+ c6 7. Ba4 O-O 8. Nce2 Bxd2+ 9. Qxd2 c5 10. c3 Ba6 11. f4 f6 12. Nf3 fxe5 13. Nxe5 Bxe2 14.
Kxe2 Nf5 15. g3 b5 16. Bc2 cxd4 17. cxd4 Nd7 18. Rac1 Nxe5 19. fxe5 Qb6 20. Bxf5 Rxf5 21. Rhf1 Rxf1 22. Kxf1 b4 23. Rc5 Rf8+ 24. Kg2 Qa6 25.
Rc1 Qxa2 26. Qxb4 Qa6 27. Qd2 Qb5 28. b4 Rb8 29. Rc5 Qb6 30. b5 h6 31. Qc3 Qb7 0-1

[Event "*** Titled Tuesday Blitz"]
[Site "Chess.com"]
[Date "2021.02.16"]
[Round "8"]
[White "Sanyura"]
[Black "Lady_Nika"]
[Result "1-0"]
[WhiteElo "2707"]
[BlackElo "2384"]
[TimeControl "180+1"]
[EndTime "11:29:29 PST"]
[Termination "Sanyura won by checkmate"]

1. e4 e6 2. d3 d5 3. Nd2 Nf6 4. Ngf3 Be7 5. g3 O-O 6. Bg2 c5 7.
O-O Nc6 8. exd5 exd5 9. d4 Bg4 10. h3 Bh5 11. dxc5 Bxc5 12. Nb3 Bb6 13. Bg5 d4 14. g4 Bg6 15. Nbd2 h6 16. Bh4 Rc8 17. Rc1 Nb4 18. Ne5 Bxc2 19. Qf3 g5 20. Bg3 Nxa2 21.
Ra1 Nb4 22. Qxb7 Rc7 23. Qf3 Bh7 24. h4 Nc2 25. Rac1 d3 26. Nc6 Rxc6 27. Qxc6 Nd4 28. Qb7 Ne2+ 29. Kh1 Nxc1 30. Rxc1 Nxg4 31. Qf3 Nf6 32.
hxg5 hxg5 33. Rc6 Bd4 34. Rd6 Qa5 35. Rxd4 Qxd2 36. Qxf6 Qd1+ 37. Kh2 Qh5+ 38. Bh3 Bg6 39. Be5 Qh7 40. Rd8 Qh6 41. Rxf8+ Qxf8 42. Qh8# 1-0

[Event "*** Titled Tuesday Blitz"]
[Site "Chess.com"]
[Date "2021.02.16"]
[Round "8"]
[White "Trickster_Pony"]
[Black "szefru"]
[Result "0-1"]
[WhiteElo "1521"]
[BlackElo "2258"]
[TimeControl "180+1"]
[EndTime "11:29:30 PST"]
[Termination "szefru won on time"]

1. c4 e5 2. g3 Nc6 3. Bg2 f5 4. Nc3 Nf6 5. e3 g6 6. Nge2 Bg7 7. O-O O-O 8. d3 h6 9. Rb1 Kh7 10. b4 Qe8 11. b5 Nd8 12. Ba3 d6 13. d4 e4 14. Nf4 Ne6 15. Nfd5 Qf7 16. f3 exf3 17. Bxf3 Bd7 18. Nxf6+ Bxf6 19. Bxb7 Rab8 20. Bd5 Bg5 21. Qe2 Qf6 22. Ne4 Qd8 23. Nxg5+ hxg5 24. Bxe6 Bxe6 25. d5 Bd7 26. e4 Qe7 27. e5 Qg7 28. e6 Be8 29. Bb2 Qh6 30. Qd2 a6 31. Qd4 axb5 32. e7 Rg8 33. h4 gxh4 34. Rf4 g5 35. Rxf5 Bg6 36. Rf3 Bxb1 37. Rf7+ Kg6 0-1

[Event "*** Titled Tuesday Blitz"]
[Site "Chess.com"]
[Date "2021.02.16"]
[Round "8"]
[White "mikolka1985"]
[Black "TigrVShlyape"]
[Result "0-1"]
[WhiteElo "2619"]
[BlackElo "2891"]
[TimeControl "180+1"]
[EndTime "11:29:32 PST"]
[Termination "TigrVShlyape won on time"]

1. d4 Nf6 2. c4 g6 3. Nc3 Bg7 4. e4 d6 5. h3 Nc6 6. Nf3 e5 7. d5 Ne7 8. g4 h5 9. g5 Nh7 10. Be3 c5 11. a3 O-O 12. Rg1 Kh8 13. Rb1 Bd7 14. Qd2 a6 15. b4 b6 16. Qb2 Rb8 17. Kd2 f6 18. gxf6 Bxf6 19. bxc5 bxc5 20. Qxb8 Qxb8 21. Rxb8 Rxb8 22. Kc2 Kg7 23. Ne1 Nc8 24.
f4 exf4 25. Bxf4 g5 26. Be3 Ne7 27. Nf3 Ng6 28. Nxg5 Nxg5 29. Bxg5 Bxg5 30. Rxg5 Kh6 31. Rg1 Ne5 32. Be2 Bxh3 33. Nd1 Bd7 34. Rh1 Bg4 35.
Bxg4 Nxg4 36. Nc3 Kg6 37. Ne2 Kg5 38. Kc3 h4 39. Rf1 h3 40. Nf4 h2 41. Ne6+ Kh4 42. Nf4 Kg3 43. Nh5+ Kg2 0-1

[Event "*** Titled Tuesday Blitz"]
[Site "Chess.com"]
[Date "2021.02.16"]
[Round "8"]
[White "jefferyx"]
[Black "rasmussvane"]
[Result "1/2-1/2"]
[WhiteElo "2993"]
[BlackElo "2932"]
[TimeControl "180+1"]
[EndTime "11:29:33 PST"]
[Termination "Game drawn by agreement"]

1. e4 c6 2. d4 d5 3. f3 e6 4.
Nc3 Bb4 5. a3 Bxc3+ 6. bxc3 c5 7. exd5 Qxd5 8. Be3 cxd4 9. cxd4 Ne7 10. Bd3 O-O 11. c4 Qa5+ 12. Qd2 Qxd2+ 13. Kxd2 Nbc6 14. Ne2 b6 15. Rab1 Ba6 16. Rhc1 Rac8 17. Rc3 Rfd8 18. g4 Rd7 19. h4 Na5 20. Rbc1 Rdc7 21. d5 Nxc4+ 22. Bxc4 Rxc4 23. dxe6 fxe6 24. Rxc4 Rxc4 25. Rxc4 Bxc4 26. Nc3 Bd5 27. Ke2 Bc6 28. Bf4 Kf7 29. Bb8 a6 30. Ke3 Nd5+ 31. Nxd5 Bxd5 32. Bc7 b5 33. h5 g6 34. hxg6+ Kxg6 35. Kf4 h5 36.
gxh5+ Kxh5 37. Ba5 Kg6 38. Ke3 Kf5 39. f4 e5 40.
fxe5 Kxe5 1/2-1/2

[Event "*** Titled Tuesday Blitz"]
[Site "Chess.com"]
[Date "2021.02.16"]
[Round "8"]
[White "maxip32"]
[Black "krzyzan94"]
[Result "1-0"]
[WhiteElo "2528"]
[BlackElo "2735"]
[TimeControl "180+1"]
[EndTime "11:29:33 PST"]
[Termination "maxip32 won on time"]

1. e4 c5 2. Nf3 d6 3. d4 cxd4 4. Nxd4 Nf6 5. Nc3 a6 6. Be2 e5 7. Nb3 Be7 8. Be3 Be6 9. Qd3 O-O 10. Nd5 Bxd5 11. exd5 Nbd7 12. g4 b5 13. g5 Ne8 14.
h4 Rc8 15. O-O-O Nc5 16. Qf5 Nxb3+ 17. axb3 g6 18. Qg4 Rc7 19. h5 Qc8 20. Qxc8 Rxc8 21. hxg6 hxg6 22. Rh6 f5 23. gxf6 Nxf6 24. Rxg6+ Kf7 25.
Rgg1 Rg8 26. Rxg8 Rxg8 27. c4 Ng4 28. Bxg4 Rxg4 29. c5 dxc5 30. d6 Bd8 31. Bxc5 Rg6 32. b4 Ke6 33. Kd2 Kd7 34. Ra1 Bg5+ 35. Ke2 e4 36. Rxa6 Bh4 37. Ra7+ Ke6 38. Ra8 Kd7 39.
Rf8 Re6 40. Rf4 Kc6 41. Rxh4 1-0

[Event "*** Titled Tuesday Blitz"]
[Site "Chess.com"]
[Date "2021.02.16"]
[Round "8"]
[White "MerryPoppies"]
[Black "Kostukov_Alex"]
[Result "1/2-1/2"]
[WhiteElo "2172"]
[BlackElo "2307"]
[TimeControl "180+1"]
[EndTime "11:29:33 PST"]
[Termination "Game drawn by repetition"]

1. d4 g6 2. c4 Bg7 3. Nc3 d6 4.
Nf3 e5 5. dxe5 dxe5 6. Qxd8+ Kxd8 7. Bg5+ f6 8. O-O-O+ Nd7 9. Be3 Bh6 10. Bxh6 Nxh6 11.
e4 c6 12. h3 Ke7 13. b4 a5 14. b5 Nc5 15. Be2 Be6 16. g4 Nf7 17. Nd2 a4 18. Kc2 Rhd8 19. h4 Rd4 20. Rhg1 Nd6 21. g5 f5 22. Nf3 Rxd1 23. Nxd1 Bxc4 24. Bxc4 Nxc4 25. bxc6 bxc6 26. exf5 gxf5 27. Kc3 Nd6 28. Nxe5 Nce4+ 29. Kd4 Rc8 30. f3 c5+ 31. Ke3 f4+ 32. Kxf4 Nd2 33. Ke3 N2c4+ 34. Nxc4 Nxc4+ 35. Kd3 Ne5+ 36. Ke4 Ke6 37. Ne3 Rd8 38. Nf5 Rd2 39. Ng7+ Kd6 40.
Nf5+ Ke6 41. Ng7+ Kd6 42. Ne8+ Ke6 43. Nc7+ Kd6 44. Nb5+ Ke6 45. Nc7+ Kd6 46. Nb5+ Ke6 47. Nc7+ 1/2-1/2

[Event "*** Titled Tuesday Blitz"]
[Site "Chess.com"]
[Date "2021.02.16"]
[Round "8"]
[White "kuban1991"]
[Black "Chopper1905"]
[Result "1-0"]
[WhiteElo "2914"]
[BlackElo "2945"]
[TimeControl "180+1"]
[EndTime "11:29:34 PST"]
[Termination "kuban1991 won on time"]

1. Nf3 d5 2. g3 g6 3. Bg2 Bg7 4.
d4 Nf6 5. O-O O-O 6. Nbd2 c6 7.
c3 a5 8. Re1 a4 9. e4 dxe4 10.
Nxe4 Nxe4 11. Rxe4 Bf5 12. Re1 Nd7 13. Bg5 Re8 14. Nh4 Be6 15. Rxe6 fxe6 16. Qg4 Nf8 17. Re1 Ra5 18. Bc1 e5 19. dxe5 Rxe5 20. Rd1 Qa5 21.
Nf3 Rd5 22. Re1 a3 23. b4 Qd8 24. Nd4 Rxd4 25. cxd4 Qxd4 26. Qxd4 Bxd4 27. b5 cxb5 28. Bxa3 Ra8 29. Bxe7 Kg7 30. Re2 Ra7 31. Bh3 b6 32. Kg2 h6 33. Bd6 Bc5 34. Be5+ Kf7 35. Bg4 b4 36.
Bf3 Rd7 37. Bc6 Rd8 38. Bb5 Nd7 39. Rd2 Nxe5 40. Rxd8 Ng4 41. Rd2 h5 42. h3 Ne5 43.
f4 1-0